 Dungeon Crawl Stone Soup version 0.23.2 (webtiles) character file.

Game seed: 12517998113321863807

147 Borgoz the Sneak (level 5, -1/40 (41) HPs)
             Began as a Ghoul Enchanter on Apr 4, 2019.
             Slain by a centaur (5 damage)
             ... on level 5 of the Dungeon.
             The game lasted 00:06:28 (2235 turns).

Borgoz the Sneak (Ghoul Enchanter)                  Turns: 2235, Time: 00:06:29

HP:   -1/40 (41)    AC:  3    Str: 11 (12) XL:     5   Next: 29%
MP:   6/6           EV: 12    Int:  8 (10) God:
Gold: 205           SH:  0    Dex:  7 (10) Spells: 6/7 levels left

rFire    . . .     SeeInvis .   e - +3 dagger (venom)
rCold    + . .     Gourm    .   (no shield)
rNeg     + + +     Faith    .   c - +0 leather armour (curse)
rPois    ∞         Spirit   .   (no helmet)
rElec    .         Reflect  .   (no cloak)
rCorr    .         Harm     .   (no gloves)
MR       .....                  (no boots)
Stlth    ++........             (no amulet)
HPRegen  0.00/turn              (no ring)
MPRegen  0.10/turn              (no ring)

@: rotting, hasted, very quick
A: rotting body, claws 1, carnivore, cold resistance 1, negative energy
resistance 3, inhibited regeneration, torment resistance, unbreathing
a: no special abilities


You were on level 5 of the Dungeon.
You were not hungry.

You visited 1 branch of the dungeon, and saw 5 of its levels.

You collected 205 gold pieces.

Inventory:

Hand Weapons
 e - a +3 dagger of venom (weapon)
 f - a +0 short sword of protection
Armour
 c - a cursed +0 leather armour (worn)
 i - a +0 ring mail
Scrolls
 b - a scroll of magic mapping {unknown}
 g - a scroll of enchant weapon {unknown}
 j - a scroll of remove curse
 l - a scroll of enchant armour {unknown}
 m - a scroll of immolation {unknown}
 o - 2 scrolls of random uselessness {unknown}
 q - a scroll of amnesia {unknown}
 t - 2 scrolls of fear {unknown}
Potions
 a - a potion of degeneration
 h - a potion of brilliance
 k - a potion of lignification {unknown}
 n - a potion of magic
 p - a potion of curing {unknown}
Comestibles
 d - 3 rations


   Skills:
 + Level 2.1 Fighting
 * Level 2.8 Short Blades
 + Level 1.6 Armour
 + Level 2.6 Dodging
 - Level 3.2 Stealth
 - Level 1.7 Spellcasting
 - Level 2.4 Hexes


You had 6 spell levels left.
You knew the following spells:

 Your Spells              Type           Power        Failure   Level  Hunger
a - Corona                Hex            #......      19%         1    ##.....

Your spell library contained the following spells:

 Spells                   Type           Power        Failure   Level  Hunger
 Ensorcelled Hibernation  Hex/Ice        #.....       41%         2    ###....
 Confuse                  Hex            #.......     47%         3    ####...
 Tukima's Dance           Hex            #.......     47%         3    ####...
 Dazzling Spray           Conj/Hex       #.....       65%         3    ####...


Dungeon Overview and Level Annotations

Branches:
Dungeon (5/15)
 Temple: D:4-7

Altars:


Innate Abilities, Weirdness & Mutations

Your body is rotting away.
You thrive on raw meat.
You are immune to poison.
You have sharp fingernails.
You are carnivorous and can eat meat at any time.
Your flesh is cold resistant. (rC+)
You are immune to negative energy. (rN+++)
You do not regenerate when monsters are visible.
You are immune to unholy pain and torment.
You can survive without breathing.


Message History

The centaur is lightly wounded.
The centaur hits you!
* * * LOW HITPOINT WARNING * * *
You hit the centaur.
The centaur looks as sick as possible!
The centaur is moderately wounded.
The centaur hits you.
* * * LOW HITPOINT WARNING * * *
The centaur hits you.
* * * LOW HITPOINT WARNING * * *
You hit the centaur.
The centaur looks as sick as possible!
The centaur is heavily wounded.
An orc wizard comes into view. It is wielding a +0 dagger.
The centaur closely misses you.
Unknown command.
It was a potion of degeneration.
There was something very wrong with that liquid.
You feel weakened.
You feel dopey.
You feel clumsy. The centaur barely misses you. The centaur closely misses you.
It was a potion of haste.
You feel yourself speed up. The centaur hits you.
You die...

.....##.##
#.......#
#.[.....#
#.#..##.#
#<##.# #
#.##.##.#
#..((...#
####(####
#@#
#..†.co.o...
#.##.##.....
# #.# ####
#.# #.# ..#
.##


You could see a centaur and 2 orc wizards.

Vanquished Creatures
  A bullfrog skeleton (D:4)
  A gnoll (D:2)
  4 adders
  A worm (D:2)
  2 leopard geckos
  An orc (D:3)
  A ball python (D:5)
  4 giant cockroaches
  9 goblins
  8 hobgoblins
  4 jackals
  11 kobolds
  9 bats
  5 frilled lizards
  6 rats
67 creatures vanquished.

Notes
Turn   | Place    | Note
-------+----------+-------------------------------------------
     0 | D:1      | Borgoz the Ghoul Enchanter began the quest for the Orb.
     0 | D:1      | Reached XP level 1. HP: 14/14 MP: 2/2
   241 | D:1      | Reached skill level 1 in Short Blades
   307 | D:1      | Reached XP level 2. HP: 17/22 MP: 3/3
   920 | D:2      | Reached skill level 1 in Fighting
   932 | D:2      | Reached XP level 3. HP: 22/28 MP: 4/4
  1057 | D:2      | Reached skill level 1 in Armour
  1394 | D:2      | Reached XP level 4. HP: 33/35 MP: 5/5
  1936 | D:3      | Reached XP level 5. HP: 35/41 MP: 6/6
  2071 | D:4      | Noticed an ogre
  2216 | D:4      | Noticed an ogre
  2221 | D:5      | Entered Level 5 of the Dungeon
  2224 | D:5      | Noticed a centaur
  2235 | D:5      | Slain by a centaur

Skill      XL: |  1  2  3  4  5 |
---------------+----------------+-----
Short Blades   | 1 2 |  2.8
Dodging        | 2 |  2.6
Fighting       | 1 2 |  2.1
Armour         | 1 |  1.6
Stealth        | |  3.2
Spellcasting   | |  1.7
Hexes          | |  2.4

Action                   |  1- 3 |  4- 6 || total
-------------------------+-------+-------++-------
Melee: Dagger            |   114 |    86 ||   200
  Use: Scroll            |       |     4 ||     4
       Potion            |       |     2 ||     2
 Stab: Sleeping          |     1 |     2 ||     3
  Eat: Chunk             |     5 |     5 ||    10
Armor: Robe              |    14 |       ||    14
       Leather armour    |    25 |    19 ||    44
Dodge: Dodged            |    87 |    55 ||   142
